 Dungeon Crawl Stone Soup version 0.20-a0-2-g2b0e13a (webtiles) character file.

2811 Malachi the Chopper (level 9, -22/71 HPs)
             Began as a Demonspawn Fighter on Oct 28, 2016.
             Was a Follower of Makhleb.
             Killed from afar by a deep elf mage (32 damage)
             ... with a bolt of lightning
             ... on level 7 of the Dungeon.
             The game lasted 00:16:49 (7515 turns).

Malachi the Chopper (Demonspawn Fighter)            Turns: 7515, Time: 00:16:49

Health: -22/71     AC: 12    Str: 21    XL:     9   Next: 44%
Magic:  0/12       EV:  9    Int:  9    God:    Makhleb [*.....]
Gold:   180        SH: 10    Dex: 12    Spells: 0 memorised, 8 levels left

rFire  . . .     SeeInvis .     a - +1 war axe
rCold  + . .     Gourm    .     b - +0 scale mail
rNeg   + . .     Faith    .     c - +0 shield
rPois  +         Spirit   +     K - +2 hat
rElec  .         Reflect  .     H - +0 cloak {rPois}
rCorr  .         Harm     .     (no gloves)
MR     .....                    (no boots)
Stlth  ..........               i - amulet of guardian spirit
                                q - ring of positive energy
                                k - ring of protection from cold

@: no status effects
A: horns 2, rugged brown scales 2, sense surroundings 1
a: Renounce Religion


You were on level 7 of the Dungeon.
You worshipped Makhleb.
Makhleb was aware of your devotion.
You were not hungry.

You visited 2 branches of the dungeon, and saw 8 of its levels.

You collected 340 gold pieces.
You spent 160 gold pieces at shops.

Inventory:

Hand Weapons
 a - a +1 war axe (weapon)
 n - a +2 mace of protection
Armour
 b - a +0 scale mail (worn)
 c - a +0 shield (worn)
 w - a +2 cloak
 H - a +0 cloak of poison resistance (worn)
 K - a +2 hat (worn)
Jewellery
 i - an amulet of guardian spirit (around neck)
 k - a ring of protection from cold (left hand)
 l - a +1 ring of evasion
 o - the ring of Ladocvin {*Slow +Fly rElec Int+4 Stlth+}
   (You bought it in a shop on level 4 of the Dungeon)

   [ring of flight]

   It affects your intelligence (+4).
   It insulates you from electricity.
   It lets you fly.
   It may slow you when you take damage.
   It makes you more stealthy.
 q - a ring of positive energy (right hand)
 F - a cursed amulet of regeneration {unknown}
Wands
 y - a wand of lightning (8/15)
 C - a wand of flame (23/48)
 G - a wand of flame (26/48)
Scrolls
 h - 2 scrolls of teleportation
 p - 2 scrolls of identify
 t - a scroll of fear
 u - 2 scrolls of enchant armour
 A - 3 scrolls of enchant weapon
 B - a scroll of magic mapping
 D - 2 scrolls of remove curse
 I - a scroll of fog
Potions
 e - a potion of curing
 g - a potion of resistance {unknown}
 m - a potion of magic
 s - a potion of degeneration {unknown}
 v - 2 potions of agility
 x - a potion of brilliance {unknown}
 z - a potion of heal wounds {unknown}
 J - a potion of mutation {unknown}
 M - a potion of berserk rage {unknown}
Books
 L - a book of Maledictions

   Spells                             Type                      Level
   a - Corona                         Hexes                        1
   b - Ensorcelled Hibernation        Hexes/Ice                    2
   c - Confuse                        Hexes                        3
   d - Tukima's Dance                 Hexes                        3
   e - Dazzling Spray                 Conjuration/Hexes            3
Comestibles
 d - a chunk of flesh
 f - 6 bread rations
 j - a royal jelly
 r - 3 meat rations
 E - a beef jerky


   Skills:
 + Level 5.4 Fighting
 + Level 7.9 Axes
 + Level 4.9 Armour
 + Level 3.1 Dodging
 - Level 1.1 Stealth
 + Level 5.4 Shields
 * Level 4.8 Invocations


You had 8 spell levels left.
You didn't know any spells.

Dungeon Overview and Level Annotations

Branches:
Dungeon (7/15)             Temple (1/1) D:4

Altars:
Ashenzari
Cheibriados
Dithmenos
Elyvilon
Fedhas
Gozag
Hepliaklqana
Kikubaaqudgha
Makhleb
Nemelex Xobeh
Okawaru
Qazlal
Ru
Sif Muna
Trog
Uskayaw
Vehumet
Xom
Yredelemnul
Zin
The Shining One

Shops:
D:4 *


Innate Abilities, Weirdness & Mutations

You have a pair of horns on your head.
You are mostly covered in rugged brown scales. (AC +2, +5% HP)
You passively map a small area around you.


Message History

Unknown command.
You slash the deep elf mage!
You kill the deep elf mage!
Makhleb accepts your kill.
You hit the deep elf mage.
The battlesphere dissipates.
The deep elf mage points at you and mumbles some strange words.
The bolt of lightning hits you!
* * * LOW HITPOINT WARNING * * *
You are too injured to fight recklessly!
Unknown command.
You are too injured to fight recklessly!
You are too injured to fight recklessly!
You slash the deep elf mage! Your headbutt misses the deep elf mage.
The deep elf mage is heavily wounded.
You block the deep elf mage's attack.
You closely miss the deep elf mage. Your headbutt misses the deep elf mage.
The deep elf mage is heavily wounded.
The deep elf mage points at you and mumbles some strange words.
The bolt of lightning hits you!
You die...

###### ###....#
#......# #..8...# * **
* #...@..########
#...##e##........######
#. ,#)..###......#....#
#._.# #.....)#....# , ,
#...# #......#....#
##### #......#....#
..... ... ,
#......#....#,
.....#####.. ,
#.........###
...........#*
#########...##


You could see a deep elf mage.

Vanquished Creatures
  A deep elf mage (D:7)
  Joseph (D:7)
  3 phantoms
  2 sky beasts
  An orc warrior (D:6)
  An ogre (D:4)
  3 bullfrogs
  A wyvern zombie (D:6)
  2 scorpions
  3 wights (D:6)
  A bullfrog zombie (D:7)
  A howler monkey (D:4)
  2 crimson imps
  A bullfrog skeleton (D:4)
  A centaur skeleton (D:7)
  An orc priest (D:3)
  Crazy Yiuf (D:4)
  3 hounds
  3 orc wizards
  Jessica (D:2)
  3 worker ants
  3 iguanas
  A worker ant zombie (D:5)
  16 gnolls
  10 adders
  3 shadow imps
  3 adder skeletons
  A worm (D:2)
  4 dart slugs
  5 leopard geckos
  21 orcs
  A ball python (D:1)
  4 giant cockroaches
  9 goblins
  7 hobgoblins
  8 jackals
  17 kobolds
  7 bats
  5 frilled lizards
  A quokka skeleton (D:7)
  A quokka zombie (D:5)
  4 rats
167 creatures vanquished.

Notes
Turn   | Place    | Note
-------+----------+-------------------------------------------
     0 | D:1      | Malachi the Demonspawn Fighter began the quest for the Orb.
     0 | D:1      | Reached XP level 1. HP: 18/18 MP: 1/1
   358 | D:1      | Reached skill level 2 in Axes
   388 | D:1      | Gained mutation: You have a pair of small horns on your head. [demonic ancestry]
   388 | D:1      | Reached XP level 2. HP: 9/24 MP: 0/2
   906 | D:1      | Gained mutation: You have a pair of horns on your head. [demonic ancestry]
   906 | D:1      | Reached XP level 3. HP: 27/29 MP: 3/3
  1815 | D:2      | Noticed Jessica
  1820 | D:2      | Killed Jessica
  1820 | D:2      | Reached skill level 3 in Axes
  1820 | D:2      | Gained mutation: You are partially covered in rugged brown scales. (AC +1, +3% HP) [demonic ancestry]
  1820 | D:2      | Reached XP level 4. HP: 29/36 MP: 4/4
  1996 | D:2      | HP: 1/36 [gnoll/spear (6)]
  2509 | D:2      | Reached skill level 1 in Dodging
  2771 | D:3      | Reached XP level 5. HP: 42/42 MP: 5/5
  3181 | D:3      | Reached skill level 4 in Axes
  3274 | D:3      | Gained mutation: You are mostly covered in rugged brown scales. (AC +2, +5% HP) [demonic ancestry]
  3274 | D:3      | Reached XP level 6. HP: 40/49 MP: 4/6
  3666 | D:4      | Found a staircase to the Ecumenical Temple.
  3717 | D:4      | Reached XP level 7. HP: 40/56 MP: 7/7
  3731 | D:4      | Gained mutation: You passively map a small area around you. [potion of beneficial mutation]
  3737 | D:4      | Reached skill level 5 in Axes
  3831 | D:4      | Found Imisio's Assorted Antiques.
  4184 | D:4      | Found a runed door.
  4375 | Temple   | Entered the Ecumenical Temple
  4806 | Temple   | Became a worshipper of Makhleb the Destroyer
  5022 | D:4      | Noticed Crazy Yiuf
  5029 | D:4      | Killed Crazy Yiuf
  5078 | D:5      | Entered Level 5 of the Dungeon
  5122 | D:5      | Reached skill level 1 in Stealth
  5255 | D:5      | Reached XP level 8. HP: 47/64 MP: 8/8
  5432 | D:5      | Reached skill level 1 in Invocations
  5902 | D:6      | Reached skill level 6 in Axes
  6011 | D:6      | Reached * piety under Makhleb
  6281 | D:6      | Found a blossoming altar of Fedhas.
  6615 | D:6      | Reached skill level 5 in Fighting
  6615 | D:6      | Reached skill level 5 in Shields
  6687 | D:6      | Found a radiant altar of Vehumet.
  6690 | D:6      | Found a hide-covered altar of Uskayaw.
  6843 | D:4      | Bought a pitted amber ring for 160 gold pieces
  6843 | D:4      | Identified the ring of Ladocvin {*Slow +Fly rElec Int+4 Stlth+} (You bought it in a shop on level 4 of the Dungeon)
  6888 | D:6      | Reached skill level 7 in Axes
  7004 | D:7      | Noticed Joseph
  7034 | D:7      | Killed Joseph
  7034 | D:7      | Reached XP level 9. HP: 24/71 MP: 4/12
  7502 | D:7      | Found a glowing golden altar of the Shining One.
  7502 | D:7      | Noticed a deep elf mage
  7503 | D:7      | Noticed a deep elf mage
  7512 | D:7      | Killed a deep elf mage
  7515 | D:7      | Killed from afar by a deep elf mage

Vault maps used:
D:1:      dpeg_arrival_fog
D:2:      first_bread, uniq_jessica
D:4:      corexii_shack_village, serial_shops, shop, uniq_crazy_yiuf_cottage
D:6:      minitemple
D:7:      david_defended_altar_elf, uniq_joseph
Temple:   regret_index_temple_mists

Skill      XL: |  1  2  3  4  5  6  7  8  9 |
---------------+----------------------------+-----
Shields        | 3 4 5 |  5.4
Axes           | 2 3 4 5 7 |  7.9
Armour         | 3 4 |  4.9
Dodging        | 1 2 3 |  3.1
Fighting       | 4 5 |  5.4
Stealth        | 1 |  1.1
Invocations    | 4 |  4.8

Action                   |  1- 3 |  4- 6 |  7- 9 || total
-------------------------+-------+-------+-------++-------
Melee: War axe           |   120 |   179 |   260 ||   559
       Headbutt          |    10 |    31 |    41 ||    82
  Use: Scroll            |     6 |     5 |     7 ||    18
       Potion            |       |     2 |     6 ||     8
  Eat: Chunk             |     3 |     2 |     5 ||    10
       Bread ration      |       |     1 |     1 ||     2
       Meat ration       |       |       |     1 ||     1
       Fruit             |       |       |     1 ||     1
Armor: Scale mail        |    59 |   111 |    97 ||   267
       Skin              |       |       |    15 ||    15
Dodge: Dodged            |    37 |    64 |    71 ||   172
Block: Shield            |    63 |   109 |   139 ||   311
